Map: Post-Youth LE

Players

jeannysu - Winner!

  • Race: Zerg Zerg
  • Spawn Location: 7:00

인공지능 칸 (정예)

  • Race: Protoss Protoss
  • Spawn Location: 1:00

VOD

Have the link to the VOD?

Description

Time

  • Played on: Sept. 25, 2025, 10:45 a.m.
  • Length: 11:08
Show
View Real Time Build Order
Export as new Build Order

jeannysu Zerg - Winner!

Build Orders: Hatch First 

Get SALT Encoding   

  12  0:00  Drone  
  13  0:12  Overlord  
  13  0:17  Drone  
  14  0:30  Drone x2  
  16  0:48  Hatchery  
  15  0:51  Drone  
  15  0:55  Drone  
  17  0:58  Drone  
  18  1:13  Extractor  
  18  1:16  Spawning Pool  
  18  1:18  Drone  
  17  1:21  Drone  
  18  1:27  Drone  
  19  1:39  Drone  
  20  1:48  Overlord  
  20  2:04  Queen x2  
  20  2:06  Zergling x4  
  26  2:14  Drone  
  27  2:17  Drone  
  27  2:19  Metabolic Boost  
  27  2:21  Drone  
  29  2:23  Drone  
  30  2:40  Roach Warren  
  29  2:50  Drone x2  
  31  2:54  Hatchery  
  29  3:00  Zergling x6  
  29  3:01  Zergling x2  
  33  3:09  Queen  
  35  3:15  Overlord  
  35  3:17  Drone  
  36  3:33  Overlord  
  36  3:34  Overlord  
  36  3:36  Drone  
  36  3:37  Drone x3  
  40  3:43  Lair  
  40  3:58  Zergling x10  
  45  4:06  Queen  
  45  4:07  Drone  
  45  4:09  Drone x2  
  50  4:13  Drone  
  51  4:17  Roach  
  51  4:18  Roach x3  
  59  4:25  Roach  
  59  4:26  Roach  
  63  4:31  Extractor  
  63  4:34  Drone  
  63  4:35  Drone x3  
  63  4:36  Overlord  
  66  4:38  Overlord  
  66  4:57  Drone x2  
  66  4:58  Drone  
  69  5:00  Drone x4  
  69  5:03  Drone  
  69  5:04  Drone x2  
  76  5:12  Roach x3  
  82  5:16  Hatchery  
  82  5:18  Zergling x2  
  82  5:27  Overlord x3  
  82  5:35  Infestation Pit  
  81  5:38  Drone x2, Extractor  
  81  5:40  Drone, Extractor  
  82  5:43  Glial Reconstitution  
  82  5:49  Evolution Chamber  
  81  5:50  Drone x2  
  81  5:51  Evolution Chamber  
  81  5:52  Roach  
  81  5:53  Roach x5  
  94  6:04  Drone x3  
  95  6:05  Drone x4  
  101  6:14  Overlord x3  
  100  6:19  Roach  
  100  6:20  Roach  
  100  6:22  Overlord  
  100  6:23  Ravager  
  105  6:28  Extractor x2  
  105  6:31  Drone x2  
  105  6:32  Drone  
  106  6:41  Zerg Ground Armor Level 1  
  106  6:43  Zergling x18  
  115  6:49  Drone x2  
  117  6:54  Ravager  
  117  6:59  Drone  
  117  7:00  Drone x2  
  121  7:04  Drone  
  121  7:05  Drone x3, Queen  
  121  7:06  Drone  
  121  7:07  Drone x4  
  132  7:09  Overlord x2  
  133  7:15  Drone x2  
  133  7:16  Drone  
  133  7:17  Drone x2  
  133  7:18  Drone  
  138  7:23  Hive  
  138  7:25  Infestor  
  132  7:47  Zergling x4  
  132  7:48  Zergling x20  
  131  7:53  Ravager  
  131  7:54  Ravager  
  130  8:06  Zerg Missile Weapons Level 1  
  130  8:09  Infestor x2  
  134  8:18  Zergling x12  
  134  8:19  Zergling x12  
  134  8:42  Zergling x16  
  134  8:43  Zergling x10  
  128  8:56  Extractor  
  128  8:57  Extractor  
  116  9:09  Overseer  
  106  9:11  Overseer x2  
  106  9:13  Roach x10  
  106  9:14  Roach x4  
  133  9:24  Overlord x3  
  133  9:26  Roach x3  
  139  9:35  Roach  
  139  9:36  Roach  
  143  9:38  Overseer x3  
  143  9:39  Overlord x4  
  143  9:40  Overlord x3  
  143  9:51  Ultralisk Cavern  
  142  9:56  Zergling x2  
  142  9:57  Zergling x12  
  135  10:27  Roach x4  
  135  10:28  Roach x13  
  167  11:04  Hatchery  
Show
View Real Time Build Order
Export as new Build Order

인공지능 칸 (정예) Protoss 

Build Orders: Zealot Archon 

Get SALT Encoding   

  12  0:00  Probe  
  13  0:13  Probe  
  14  0:20  Pylon  
  14  0:25  Probe  
  15  0:34  Probe  
  16  0:42  Probe  
  16  0:48  Assimilator  
  17  0:51  Gateway  
  17  0:52  Probe  
  18  0:59  Pylon  
  18  1:00  Probe  
  18  1:08  Probe  
  20  1:19  Probe  
  21  1:37  Gateway  
  22  1:40  Probe, Zealot  
  22  1:41  Cybernetics Core  
  24  1:49  Pylon  
  24  1:52  Probe  
  25  1:58  Zealot  
  25  2:04  Probe  
  28  2:09  Warp Gate  
  28  2:16  Probe  
  29  2:24  Adept x2  
  33  2:32  Gateway  
  33  2:41  Gateway  
  33  2:51  Stalker  
  33  2:52  Stalker  
  37  3:01  Pylon  
  37  3:02  Probe  
  38  3:07  Assimilator  
  38  3:14  Probe  
  38  3:19  Adept  
  41  3:22  Adept  
  41  3:25  Stalker  
  43  3:32  Stalker  
  47  3:42  Pylon  
  47  3:59  Robotics Facility  
  47  4:06  Twilight Council  
  47  4:24  Pylon  
  47  4:45  Dark Shrine  
  47  4:48  Zealot  
  49  4:59  Nexus  
  49  5:15  Sentry  
  51  5:33  Forge  
  51  5:38  Stalker  
  51  5:42  Forge  
  53  5:47  Pylon  
  53  5:58  Stalker  
  53  5:59  Dark Templar x2  
  59  6:07  Stalker, Archon  
  59  6:11  Probe x2  
  63  6:20  Probe  
  63  6:23  Probe  
  65  6:28  Probe  
  65  6:30  Assimilator  
  65  6:32  Dark Templar  
  68  6:33  Assimilator  
  68  6:35  Probe  
  68  6:39  Probe  
  70  6:48  Probe  
  70  6:52  Probe  
  72  6:55  Dark Templar  
  72  7:00  Probe, Stalker  
  77  7:02  Pylon  
  77  7:04  Probe  
  77  7:07  Archon  
  78  7:12  Probe  
  78  7:13  Dark Templar  
  81  7:16  Probe  
  82  7:24  Probe  
  82  7:25  Dark Templar  
  82  7:27  Pylon  
  82  7:28  Probe  
  86  7:31  Observer  
  86  7:32  Archon  
  86  7:36  Probe  
  88  7:40  Probe  
  88  7:43  Dark Templar  
  89  7:47  Zealot  
  89  7:48  Probe  
  89  7:50  Pylon  
  72  7:51  Zealot  
  72  7:52  Probe  
  72  7:57  Dark Templar  
  59  8:07  Adept  
  59  8:09  Archon  
  59  8:12  Zealot  
  63  8:15  Dark Templar  
  65  8:26  Stalker  
  67  8:28  Dark Templar  
  67  8:32  Stalker  
  51  8:41  Adept  
  51  8:43  Zealot  
  52  8:55  Stalker  
  52  8:58  Zealot  
  52  9:00  Adept  
  45  9:13  Archon  
  45  9:27  Dark Templar  
  47  9:41  Zealot  
  47  9:43  Dark Templar  
  51  9:49  Probe, Stalker  
  51  9:50  Assimilator  
  54  9:53  Probe  
  54  9:55  Stalker, Archon  
  57  10:09  Zealot  
  57  10:11  Dark Templar  
  38  10:33  Dark Templar  
  38  10:35  Zealot  
  29  10:46  Nexus  
Tags
 
Composition
Zealot Archon
Matchup
PvZ
Replay Pack
새 폴더
Spawn Locations
Cross Positions
Add a new tag
Caveats
  • Supply blocks, unpowered buildings, or Contaminate may cause inaccurate times.
  • Supply counts are checked every 10 seconds.